AoeStats
← juanse071213

Arena

510644816Analyzed
3v3 RM · 1d ago on Oct 1, 2026· 33m 47s· 6 players
Game mode
Random Map
Map size
Normal (6 player)
Population
200
Speed
Normal
Resources
Standard
Victory
Conquest
Starting age
Dark Age
Ending age
Imperial Age
RankedLock teamsTeams togetherTeam positionsShared explorationLock speedFull tech treeHidden civsTurbo modeCheats
Victory
Defeat
🇨🇴 Khmer · Colombia
935
+14
🇨🇴 Persians · Colombia
890
+16
🇨🇴 Lithuanians · Colombia
887
+16
🇦🇷 Burgundians · Argentina
921
-17
🇪🇸 Franks · Spain
901
-16
🇺🇸 Koreans · United States
843
-13
Diegoto86
9:52 Loom
12:54 Feudal Age
17:26 Castle Age
17:20 Double-Bit Axe
Encore
8:36 Loom
10:26 Feudal Age
11:28 Double-Bit Axe
13:33 Horse Collar
16:01 Wheelbarrow
19:14 Castle Age
19:27 Stone Mining
20:11 Bow Saw
23:37 Heavy Plow
25:35 Town Watch
25:58 Gold Mining
27:54 Stone Shaft Mining
27:58 Gold Shaft Mining
29:20 Hand Cart
29:01 Fletching
29:56 Murder Holes
29:47 Treadmill Crane
31:40 Masonry
31:06 Pikeman
31:47 Squires
36:22 Imperial Age
[M] Nico
10:36 Feudal Age
15:51 Castle Age
14:00 Double-Bit Axe
13:58 Horse Collar
24:55 Wheelbarrow
24:06 Loom
28:43 Imperial Age
26:23 Gold Mining
26:26 Stone Mining
27:11 Scale Barding Armor
29:34 Chain Barding Armor
29:02 Cavalier
32:00 Plate Barding Armor
33:50 Forging
darherlo
10:58 Feudal Age
9:14 Loom
15:49 Castle Age
18:41 Double-Bit Axe
22:41 Horse Collar
25:27 Fletching
25:37 Padded Archer Armor
26:20 Ballistics
26:10 Murder Holes
28:02 Bodkin Arrow
28:22 Leather Archer Armor
32:28 Wheelbarrow
31:38 Town Watch
31:56 Heavy Plow
31:50 Gold Mining
31:51 Stone Mining
32:13 Bow Saw
33:24 Kamandaran
sebastian susa
11:06 Feudal Age
11:57 Horse Collar
18:48 Castle Age
16:54 Double-Bit Axe
17:18 Stone Mining
17:36 Town Watch
18:06 Gold Mining
19:38 Wheelbarrow
20:45 Stone Shaft Mining
20:56 Heavy Plow
22:36 Hand Cart
28:43 Imperial Age
28:53 Bow Saw
29:22 Gold Shaft Mining
29:22 Tusk Swords
31:14 Town Patrol
33:46 Chemistry
34:08 Conscription
33:16 Pikeman
juanse071213
2:03 Loom
11:20 Feudal Age
15:38 Castle Age
14:15 Double-Bit Axe
16:20 Forging
17:33 Scale Barding Armor
18:22 Scale Mail Armor
19:15 Squires
20:47 Horse Collar
21:21 Bow Saw
24:29 Wheelbarrow
24:54 Heavy Plow
30:41 Imperial Age
29:30 Hand Cart
29:54 Husbandry
30:32 Pikeman
31:51 Conscription
31:58 Chain Barding Armor
32:14 Iron Casting
31:20 Cavalier
Connection lost

Rejoining the realm…

Still unreachable

The connection could not be restored.

Session expired

The server has moved on; the page needs a fresh start.